 Dungeon Crawl Stone Soup version 0.20-a0-351-gc9b4002 (webtiles) character file.

222537 tsouns the Warrior (level 18, -7/255 HPs)
             Began as a White Draconian Gladiator on Dec 22, 2016.
             Was the Champion of Hepliaklqana.
             Mangled by a purple very ugly thing (14 damage)
             ... on level 2 of the Depths on Dec 26, 2016.
             The game lasted 02:44:39 (39037 turns).

tsouns the Warrior (White Draconian Gladiator)     Turns: 39037, Time: 02:44:39

Health: -7/255     AC: 31    Str: 18    XL:     18   Next: 91%
Magic:  29/29      EV:  2    Int: 15    God:    Hepliaklqana [******]
Gold:   1132       SH:  0    Dex: 17    Spells: 10/32 levels left

rFire  . . .     SeeInvis .     A - +4 lajatang (speed)
rCold  . . .     Gourm    .     (armour unavailable)
rNeg   + + +     Faith    .     (shield currently unavailable)
rPois  +         Spirit   .     (helmet currently unavailable)
rElec  .         Reflect  .     (cloak currently unavailable)
rCorr  .         Harm     .     (gloves currently unavailable)
MR     +....     NoTele   +     (boots currently unavailable)
Stlth  +++++.....               Z - amulet of regeneration
                                E - +4 ring of dexterity
                                O - +2 ring of protection

@: tree-form
A: (breathe frost), unfitting armour, reduced essence, blink, (cold resistance
0), robust 1, wild magic 1, (cold-blooded), AC +10
a: Blink, Recall Ancestor, Ancestor Identity, Transference, Idealise, Renounce
Religion


You were on level 2 of the Depths.
You worshipped Hepliaklqana.
Hepliaklqana was exalted by your worship.
You were not hungry.
You were a tree.
You visited 6 branches of the dungeon, and saw 30 of its levels.
You visited the Abyss 2 times.
You also visited: Labyrinth and Ice Cave.

You collected 3139 gold pieces.
You spent 2007 gold pieces at shops.

Inventory:

Hand Weapons
 y - the +5 flail of Tomorrow {flame, Dex+6}
   (You found it on level 5 of the Dungeon)

   It has been specially enchanted to burn those struck by it, causing extra
   injury to most foes and up to half again as much damage against particularly
   susceptible opponents.
   It affects your dexterity (+6).
 A - a +4 lajatang of speed (weapon)
Missiles
 c - 2 throwing nets (quivered)
Armour
 b - a +2 hat (melded)
 u - the +1 cloak of Starlight {rElec rC+ EV+4 Stlth--}
   (You acquired it on level 2 of the Lair of Beasts)

   It affects your evasion (+4).
   It protects you from cold.
   It insulates you from electricity.
   It makes you much less stealthy.
 C - a +2 cloak of magic resistance (melded)
 R - the +2 ratskin cloak {rPois rN+ Int-1 Dex-1}
   (You acquired it on level 14 of the Dungeon)

   It affects your intelligence (-1).
   It affects your dexterity (-1).
   It protects you from poison.
   It protects you from negative energy.
 S - a +2 pair of boots of stealth (melded)
 U - the +0 pair of gloves of the Blessed Realm (melded) {rF+ Str+6 Dex+4}
   (You bought it in a shop on level 2 of the Orcish Mines)

   It affects your strength (+6).
   It affects your dexterity (+4).
   It protects you from fire.
Jewellery
 E - a +4 ring of dexterity (right branch)
 N - a +6 amulet of reflection
 O - a +2 ring of protection (left branch)
 Z - an amulet of regeneration (around neck)
Wands
 j - a wand of digging (16/24)
 o - a wand of paralysis (10/24)
 B - a wand of disintegration (7/24)
 G - a wand of enslavement (16/24)
 Q - a wand of lightning (7/15)
 W - a wand of paralysis (5/24)
 Y - a wand of acid (8/15)
Scrolls
 f - a scroll of blinking
 g - 5 scrolls of recharging
 i - 18 scrolls of remove curse
 n - 2 scrolls of teleportation
 w - 2 scrolls of summoning
 J - 4 scrolls of identify
 L - 3 scrolls of enchant armour
 M - 2 scrolls of fear
 P - a scroll of holy word
 T - 4 scrolls of fog
 V - 3 scrolls of magic mapping
Potions
 a - 2 potions of agility
 h - 3 potions of magic
 l - a potion of resistance
 m - a potion of cancellation
 s - a potion of heal wounds
 t - 3 potions of lignification
 v - 6 potions of flight
 x - 8 potions of curing
 D - a potion of ambrosia
 F - 2 potions of might
 H - 3 potions of brilliance
Miscellaneous
 e - a disc of storms
 z - a lamp of fire
Comestibles
 d - 10 bread rations
 k - 33 fruits
 r - 7 meat rations


   Skills:
 + Level 17.4 Fighting
 - Level 14.5 Staves
 - Level 1.7 Throwing
 + Level 15.2 Dodging
 - Level 12.0 Stealth
 + Level 7.5 Spellcasting
 - Level 2.0 Summonings
 + Level 7.2 Necromancy
 + Level 10.8 Ice Magic
 - Level 10.0 Invocations
 - Level 8.3 Evocations


You had 10 spell levels left.
You knew the following spells:

 Your Spells              Type           Power        Failure   Level  Hunger
a - Shroud of Golubria    Chrm/Tloc      #.........   28%         2    None
b - Infusion              Chrm           #...         21%         1    None
c - Simulacrum            Ice/Necr       #####.....   67%         6    #######
d - Summon Guardian Gole  Hex/Summ       ##......     38%         3    ##.....
e - Summon Ice Beast      Ice/Summ       ####....     17%         4    ####...
f - Freezing Cloud        Conj/Ice/Air   ###.......   100%        6    #######


Dungeon Overview and Level Annotations

Branches:
Dungeon (15/15)            Temple (0/1) D:6            Lair (6/6) D:11
  Swamp (1/4) Lair:2        Snake (3/4) Lair:3        Slime (0/5) Lair:5
    Orc (2/2) D:11            Elf (0/3) Orc:2        Vaults (0/5) D:14
 Depths (3/5) D:15

Altars:
Fedhas
Gozag
Hepliaklqana
Kikubaaqudgha
Nemelex Xobeh
Qazlal
Sif Muna
Trog
Vehumet
Xom
Yredelemnul
Zin

Shops:
D:14 }?*:   Orc:2 ([[[   Snake:1 }

Portals:
Hell: Depths:1 Depths:2
Ziggurat: Depths:1

Annotations:
Swamp:1 exclusion: Roxanne, Louise, Roxanne
Snake:3 Vashnia


Innate Abilities, Weirdness & Mutations

((You can breathe waves of freezing cold.))
((You can buffet flying creatures when you breathe cold.))
((Your icy white scales are hard. (AC +10)))
You cannot fit into any form of body armour.
((Your flesh is cold resistant. (rC+)))
((You are cold-blooded and may be slowed by cold attacks.))
Your life essence is reduced. (-10% HP)
You can translocate small distances at will.
You are robust. (+10% HP)
Your spells are a little harder to cast, but a little more powerful.


Message History

The purple very ugly thing tail-slaps you.
* * * LOW HITPOINT WARNING * * *
You slice the purple very ugly thing!!
The purple very ugly thing is severely wounded.
You barely miss the purple very ugly thing.
The purple very ugly thing is severely wounded.
You have got your breath back.
The purple very ugly thing tail-slaps you!
* * * LOW HITPOINT WARNING * * *
You closely miss the purple very ugly thing.
The purple very ugly thing is heavily wounded.
You slash the purple very ugly thing!
The purple very ugly thing is severely wounded.
The purple very ugly thing tail-slaps you but does no damage.
You hit the purple very ugly thing.
The purple very ugly thing is severely wounded.
You barely miss the purple very ugly thing.
The purple very ugly thing is severely wounded.
The purple very ugly thing tail-slaps you!
You die...

............#...##........#.##..#
.........(8.##..###.......#...<##
............#.....#...........###
..:........##..........(<.....##.
..8...8...##...........)....##[..
.........##..........([.....#..#.
##.....###....................###
.###'###...#.................##
...#.#..........♣.............##
##.#..........##.u.............##
#####(.##....(#....(............#
#.###(###.....................#.#
..##.## ######...............####
...[## #...............# ....#
####...............#
....#######..................##
.........[###.............##..#


You could see a purple very ugly thing.

Vanquished Creatures
  2 liches
  A Hell Sentinel (Abyss:2)
  A tentacled monstrosity (Abyss:2)
  The ghost of Torax the Earth Mage, an adept FoEE of Vehumet (Swamp:1)
  A titan (Depths:2)
  The ghost of Soeti the Severer, an adept FoFi of Cheibriados (Snake:2)
  Kirke (Snake:3)
  2 sphinxes
  A storm dragon (D:14)
  2 tentacled starspawn (Abyss:2)
  A tengu reaver (Depths:2)
  4 fire giants
  A balrug (Depths:2)
  3 frost giants (Depths:2)
  An angel (Abyss:2)
  An emperor scorpion (D:15)
  5 very ugly things
  7 stone giants
  2 entropy weavers (Lair:6)
  A vampire knight (Depths:2)
  2 spark wasps
  4 dire elephants (Lair:6)
  3 ettins
  A green death (Abyss:2)
  A fire dragon (Depths:1)
  A minotaur (Lab)
  A minotaur (shapeshifter) (Depths:2)
  A great orb of eyes (Depths:2)
  The ghost of azzavlup the Grappler, a journeyman DrTm (IceCv)
  3 yaktaur captains
  9 ice dragons
  3 naga warriors
  A catoblepas (Lair:6)
  7 hydras
  6 deep troll shamans (Depths:2)
  8 anacondas
  3 centaur warriors
  4 two-headed ogres
  6 alligators (Swamp:1)
  2 death knights
  5 tengu warriors
  A deep troll earth mage (Depths:2)
  5 death yaks
  A thrashing horror (Abyss:2)
  Urug (Orc:1)
  A queen ant (Lair:6)
  2 orc high priests (Orc:2)
  6 naga sharpshooters
  6 hell knights (Depths:2)
  An iron troll (Depths:2)
  5 wretched stars (Abyss:2)
  2 fire crabs (shapeshifter)
  2 spatial maelstroms (Abyss:2)
  8 shock serpents
  8 large abominations (Abyss:2)
  2 salamander mystics
  4 deep trolls (Depths:2)
  2 unseen horrors
  An unseen horror (shapeshifter) (D:14)
  A glowing orange brain (Depths:2)
  3 orc knights (Orc:2)
  Pikel (D:8)
  A harpy (shapeshifter) (Abyss:2)
  2 necromancers (Depths:2)
  4 naga ritualists
  A deep elf mage (D:14)
  2 phantasmal warriors (Depths:2)
  3 orc sorcerers (Orc:2)
  A shadow dragon skeleton (Abyss:2)
  A manticore (shapeshifter) (D:15)
  A wolf spider (Depths:1)
  9 mana vipers
  A wolf spider zombie (D:15)
  2 manticores
  16 ugly things
  8 cyclopes
  12 salamanders
  11 naga magi
  3 centaur zombies
  Maurice (D:11)
  A moth of wrath (shapeshifter) (Depths:2)
  17 black mambas
  13 elephants
  5 smoke demons (Abyss:2)
  A torpor snail (Lair:6)
  12 spiny frogs
  3 gargoyles
  An orange demon (Abyss:2)
  5 ice statues (IceCv)
  6 centaur skeletons
  A hellion (Abyss:2)
  3 rime drakes
  16 yaktaurs
  6 hellwings
  11 komodo dragons
  5 red devils (Depths:2)
  3 anaconda simulacra (IceCv)
  3 efreet
  A golden dragon simulacrum (IceCv)
  3 ancient zymes (Abyss:2)
  2 tengu conjurers
  2 polar bears
  A queen bee (D:8)
  13 trolls
  A jumping spider (shapeshifter) (Depths:3)
  2 tyrant leeches (Lair:2)
  A bog body (Swamp:1)
  13 hippogriffs
  13 slime creatures
  11 raiju (Abyss:2)
  27 blink frogs
  A vampire (D:10)
  3 ynoxinuls (Abyss:2)
  A shadow (D:12)
  3 wyverns
  4 hogs
  42 yaks
  A steam dragon (Lair:4)
  2 fire bats (Abyss:2)
  A fire bat (shapeshifter) (Depths:2)
  3 neqoxecs (Abyss:2)
  A basilisk (shapeshifter) (Depths:1)
  2 golden eyes (Abyss:2)
  A basilisk (Lair:3)
  A hungry ghost (D:15)
  A harpy simulacrum (IceCv)
  18 nagas
  4 swamp worms
  2 insubstantial wisps (Depths:1)
  3 wargs
  8 soldier ants
  A spatial vortex (Abyss:2)
  A swamp worm (shapeshifter) (Depths:2)
  An iron troll simulacrum (IceCv)
  An acid dragon (D:15)
  14 water moccasins
  A hell hound (Depths:2)
  3 hydra simulacra (IceCv)
  9 porcupines
  A swamp drake (Swamp:1)
  2 black bears (D:11)
  13 orc warriors
  9 ice beasts
  3 sky beasts
  4 eyes of draining
  11 ogres
  4 phantoms
  4 necrophages
  30 wolves
  5 boggarts
  20 centaurs
  10 crocodiles
  5 big kobolds
  A gnoll sergeant (D:7)
  29 bullfrogs
  10 small abominations (Abyss:2)
  2 wyvern skeletons
  A water moccasin skeleton (D:10)
  2 scorpions
  2 troll zombies (D:11)
  29 killer bees
  22 wights
  2 electric eels (Lair:1)
  A vampire bat (Depths:1)
  6 howler monkeys
  7 crimson imps
  A bullfrog zombie (D:12)
  2 quasits
  An iron imp (Abyss:2)
  9 hounds
  A jelly (D:6)
  14 orc priests
  2 bullfrog skeletons
  7 iguanas
  16 orc wizards
  14 worker ants
  4 ogre zombies (D:11)
  2 worker ant zombies
  9 adders
  4 gnolls
  5 shadow imps
  2 white imps (Abyss:2)
  2 ufetubi (Abyss:2)
  3 dart slugs
  3 leopard geckos
  59 orcs
  5 giant cockroaches
  8 goblins
  10 hobgoblins
  2 jackals (D:5)
  22 kobolds
  6 quokkas
  3 ball pythons
  6 bats
  4 frilled lizards
  A goblin skeleton (D:11)
  2 goblin zombies (D:11)
  2 hobgoblin skeletons (D:11)
  A hobgoblin zombie (D:11)
  A jackal zombie (D:5)
  A leopard gecko skeleton (D:8)
  3 orc skeletons (D:11)
  11 orc zombies (D:11)
  3 rats
  5 plants (Lair:6)
  3 starspawn tentacles (Abyss:2)
1082 creatures vanquished.

Vanquished Creatures (collateral kills)
  2 stone giants (Depths:2)
  2 hydras
  A great orb of eyes (Depths:2)
  2 centaur warriors
  An anaconda (Snake:2)
  An orc high priest (Orc:2)
  A hell knight (D:14)
  An orc knight (Orc:2)
  A black mamba (Snake:3)
  A smoke demon (Abyss:2)
  A yaktaur (Depths:2)
  2 komodo dragons
  A tyrant leech (Swamp:1)
  A troll (D:14)
  A slime creature (Swamp:1)
  2 blink frogs
  A water elemental (Depths:2)
  A yak (D:11)
  A two-headed ogre zombie (D:11)
  A naga (Snake:3)
  A water moccasin (Lair:1)
  3 hell hounds (Depths:2)
  An ice beast (IceCv)
  2 orc warriors
  An eye of draining (D:9)
  2 black bears
  2 crocodiles
  2 bullfrogs
  A small abomination (Abyss:2)
  2 killer bees
  A wight (D:11)
  A howler monkey (D:10)
  An orc priest (D:5)
  An orc wizard (D:4)
  A worker ant (D:4)
  An ogre zombie (D:11)
  An adder (D:8)
  An ooze (D:2)
  7 orcs
  A ball python (D:3)
  2 giant cockroaches
  A jackal (D:5)
  2 kobolds
  A goblin skeleton (D:11)
  A hobgoblin zombie (D:11)
  3 orc zombies (D:11)
68 creatures vanquished.

Vanquished Creatures (others)
  A raiju (Abyss:2)
  A hog (Depths:1)
  2 small abominations (Abyss:2)
  38 hexers
  An ancestor (D:3)
  A bush (Lair:3)
  55 fungi
  38 plants
  7 starspawn tentacles (Abyss:2)
144 creatures vanquished.

Grand Total: 1294 creatures vanquished

Notes
Turn   | Place    | Note
-------+----------+-------------------------------------------
     0 | D:1      | tsouns the Draconian Gladiator began the quest for the Orb.
     0 | D:1      | Reached XP level 1. HP: 17/17 MP: 1/1
    76 | D:1      | Reached XP level 2. HP: 11/25 MP: 2/2
   446 | D:1      | Reached XP level 3. HP: 20/30 MP: 3/3
   452 | D:1      | Reached skill level 3 in Fighting
  1105 | D:2      | Found a shimmering altar of Xom.
  1106 | D:2      | Found a hazy altar of Hepliaklqana.
  1106 | D:2      | Noticed a wyvern
  1107 | D:2      | Noticed a wyvern
  1107 | D:2      | Noticed a spectral ugly thing
  1110 | D:2      | Became a worshipper of Hepliaklqana the Forgotten
  1297 | D:2      | Reached XP level 4. HP: 29/34 MP: 4/4
  1612 | D:2      | Found a deep blue altar of Sif Muna.
  1737 | D:2      | Reached * piety under Hepliaklqana
  2145 | D:3      | Found a faded altar of an unknown god.
  2180 | D:3      | Reached XP level 5. HP: 35/41 MP: 5/5
  2187 | D:3      | Reached skill level 4 in Fighting
  2187 | D:3      | Reached skill level 5 in Staves
  2822 | D:4      | Reached ** piety under Hepliaklqana
  2823 | D:4      | Remembered your ancestor Jonemone as a hexer
  2900 | D:4      | Reached XP level 6. HP: 47/47 MP: 6/6
  2907 | D:4      | Found an ancient bone altar of Kikubaaqudgha.
  3739 | D:4      | You fall through a shaft for 2 floors!
  3768 | D:6      | Reached skill level 5 in Fighting
  3788 | D:6      | Your scales start taking on an icy white colour.
  3788 | D:6      | Reached XP level 7. HP: 31/54 MP: 7/7
  3788 | D:6      | Gained mutation: Your flesh is cold resistant. (rC+) [White Draconian growth]
  3936 | D:5      | Entered Level 5 of the Dungeon
  4244 | D:5      | Got a translucent flail
  4245 | D:5      | Identified the +5 flail of Tomorrow {flame, Dex+6} (You found it on level 5 of the Dungeon)
  4349 | D:5      | Reached skill level 6 in Fighting
  4429 | D:5      | Identified a scroll of acquirement
  4609 | D:6      | Found a radiant altar of Vehumet.
  4610 | D:6      | Found a basalt altar of Yredelemnul.
  4673 | D:6      | Reached XP level 8. HP: 60/63 MP: 8/8
  4764 | D:6      | Found a blossoming altar of Fedhas.
  4770 | D:6      | Reached *** piety under Hepliaklqana
  4857 | D:6      | Found a staircase to the Ecumenical Temple.
  4859 | D:6      | Noticed a troll
  4869 | D:6      | Killed a troll
  4869 | D:6      | Reached skill level 7 in Fighting
  4893 | D:6      | Found a stormy altar of Qazlal.
  5306 | D:7      | Got a pair of pitted gloves
  5317 | D:7      | Identified the +0 pair of gloves of Egunwahe {Str+4} (You acquired it on level 7 of the Dungeon)
  5325 | D:7      | Got an ichor-stained cloak
  5336 | D:7      | Identified the +0 cloak of Negligence {rC+ Regen+ rCorr Slay-4} (You acquired it on level 7 of the Dungeon)
  5380 | D:7      | Reached skill level 10 in Staves
  5399 | D:7      | Reached XP level 9. HP: 71/71 MP: 9/9
  6356 | D:8      | Reached skill level 5 in Dodging
  6683 | D:8      | Noticed a queen bee
  6756 | D:8      | Killed a queen bee
  6896 | D:8      | Noticed a two-headed ogre
  6904 | D:8      | Reached XP level 10. HP: 60/77 MP: 10/10
  6907 | D:8      | Killed a two-headed ogre
  7335 | D:8      | Noticed Pikel
  7358 | D:8      | Killed Pikel
  7860 | D:9      | Reached **** piety under Hepliaklqana
  7923 | D:9      | Found a bloodstained altar of Trog.
  7930 | D:9      | Reached skill level 1 in Invocations
  8204 | D:9      | Found a sparkling altar of Nemelex Xobeh.
  8205 | D:9      | Found an opulent altar of Gozag.
  8536 | D:10     | Entered Level 10 of the Dungeon
  8792 | D:10     | Noticed a cyclops
  8793 | D:10     | Noticed a two-headed ogre
  8804 | D:10     | Killed a two-headed ogre
  8804 | D:10     | Reached XP level 11. HP: 69/82 MP: 13/13
  9022 | D:10     | Noticed a two-headed ogre
  9033 | D:10     | Killed a two-headed ogre
  9046 | D:10     | Killed an unseen horror
  9511 | D:10     | Reached skill level 5 in Invocations
  9655 | D:10     | Reached skill level 1 in Stealth
  9968 | D:11     | Noticed a white ugly thing
  9986 | D:11     | Killed a white ugly thing
 10125 | D:11     | Reached skill level 8 in Fighting
 10165 | D:11     | Found a staircase to the Orcish Mines.
 10246 | D:11     | Noticed a four-headed hydra
 10264 | D:11     | Killed a ten-headed hydra
 10653 | D:11     | Reached skill level 5 in Stealth
 10666 | D:11     | Reached XP level 12. HP: 87/92 MP: 16/16
 10675 | D:11     | Found a staircase to the Lair.
 10692 | D:11     | Noticed Maurice
 10769 | D:11     | Killed Maurice
 11726 | Lair:1   | Entered Level 1 of the Lair of Beasts
 11731 | Lair:1   | Reached skill level 9 in Fighting
 11815 | Lair:1   | Found a labyrinth entrance.
 11839 | Lair:1   | Learned a level 1 spell: Beastly Appendage
 11841 | Lair:1   | Learned a level 1 spell: Infusion
 11846 | Lair:1   | Learned a level 2 spell: Shroud of Golubria
 11851 | Lab      | Entered a labyrinth
 12026 | Lab      | Noticed a minotaur
 12371 | Lab      | Killed a minotaur
 12916 | Lair:1   | Reached ***** piety under Hepliaklqana
 13763 | Lair:2   | Reached skill level 10 in Fighting
 14379 | Lair:2   | Noticed a five-headed hydra
 14388 | Lair:2   | Killed a six-headed hydra
 14429 | Lair:2   | Found a staircase to the Swamp.
 14628 | Lair:3   | Reached XP level 13. HP: 66/102 MP: 18/18
 14662 | Lair:3   | Found a staircase to the Snake Pit.
 15087 | Lair:3   | Reached skill level 11 in Fighting
 15093 | Lair:3   | Reached skill level 10 in Dodging
 15947 | Lair:4   | Reached ****** piety under Hepliaklqana
 16665 | Lair:5   | Found a staircase to the Slime Pits.
 17340 | Lair:5   | Reached skill level 10 in Stealth
 17527 | Lair:5   | Reached skill level 12 in Fighting
 17929 | Lair:6   | Entered Level 6 of the Lair of Beasts
 18040 | Lair:6   | Upgraded the game from 0.20-a0-345-gbfb25ec to 0.20-a0-350-ga83eecc
 18064 | Lair:6   | Got an ancient scythe
 18069 | Lair:6   | Identified the +6 scythe of Xom's Esteem {freeze, rC+ SInv} (You found it on level 6 of the Lair of Beasts)
 18140 | Lair:6   | Reached XP level 14. HP: 113/113 MP: 20/20
 18746 | Lair:6   | Noticed an entropy weaver
 18746 | Lair:6   | Noticed an entropy weaver
 18764 | Lair:6   | Killed an entropy weaver
 18764 | Lair:6   | Reached skill level 1 in Evocations
 19148 | Lair:6   | Killed an entropy weaver
 19461 | Lair:6   | Gained mutation: Your spells are a little harder to cast, but a little more powerful. [potion of beneficial mutation]
 19462 | Lair:6   | Gained mutation: You are robust. (+10% HP) [potion of beneficial mutation]
 19463 | Lair:6   | Gained mutation: You can translocate small distances at will. [potion of beneficial mutation]
 19654 | Lair:6   | Reached skill level 13 in Fighting
 20328 | D:12     | Found a sparkling altar of Nemelex Xobeh.
 21448 | Lair:5   | Reached skill level 5 in Evocations
 21870 | D:13     | Got a bone great sword
 21871 | D:13     | Identified the +8 great sword "Iduuc" {slice, *Slow rC+ MR+ Dex+4} (You found it on level 13 of the Dungeon)
 22208 | D:14     | Found Zeshrycs's Book Emporium.
 22354 | D:14     | Reached XP level 15. HP: 108/137 MP: 21/21
 22642 | D:14     | Found Qenlupoa's Magic Scroll Boutique.
 22645 | D:14     | Bought a scroll of acquirement for 728 gold pieces
 22645 | D:14     | Bought a scroll of fog for 28 gold pieces
 22645 | D:14     | Bought a scroll of identify for 28 gold pieces
 22645 | D:14     | Bought a scroll of identify for 28 gold pieces
 22645 | D:14     | Bought a scroll of teleportation for 42 gold pieces
 22678 | D:14     | Found Cuohio Agou's General Store.
 22740 | D:14     | Noticed a sphinx
 22749 | D:14     | Paralysed by a sphinx for 3 turns
 22758 | D:14     | Killed a sphinx
 23063 | D:14     | Noticed a storm dragon
 23079 | D:14     | Killed a storm dragon
 23218 | D:14     | Found Hideng's Gadget Emporium.
 23227 | D:14     | Reached skill level 14 in Fighting
 23235 | D:14     | Bought a lamp of fire for 640 gold pieces
 23257 | D:14     | Reached skill level 1 in Spellcasting
 23267 | D:14     | Found a gate to the Vaults.
 23543 | D:15     | Entered Level 15 of the Dungeon
 23633 | D:15     | Found a staircase to the Depths.
 24773 | D:15     | Found a glowing silver altar of Zin.
 24917 | Orc:1    | Entered Level 1 of the Orcish Mines
 24946 | Orc:1    | Noticed Urug
 24971 | Orc:1    | Killed Urug
 25315 | Orc:2    | Entered Level 2 of the Orcish Mines
 25598 | Orc:2    | Found a staircase to the Elven Halls.
 25744 | Orc:2    | Paralysed by an orc sorcerer for 3 turns
 26077 | Orc:2    | Paralysed by an orc sorcerer for 2 turns
 26314 | Orc:2    | Found Deadgh's Antique Weapon Boutique.
 26314 | Orc:2    | Found Keuquxze's Antique Armour Emporium.
 26316 | Orc:2    | Found Piro's Antique Armour Emporium.
 26316 | Orc:2    | Found Lesixos's Armour Boutique.
 26329 | Orc:2    | Bought the +0 pair of gloves of the Blessed Realm {rF+ Str+6 Dex+4} for 513 gold pieces
 26507 | Snake:1  | Entered Level 1 of the Snake Pit
 26986 | Snake:1  | Found a frozen archway.
 27004 | IceCv    | Entered an ice cave
 27316 | IceCv    | Noticed azzavlup's ghost (journeyman DrTm)
 27396 | IceCv    | Reached XP level 16. HP: 137/147 MP: 23/23
 27429 | IceCv    | Killed azzavlup's ghost
 27487 | IceCv    | Learned a level 6 spell: Simulacrum
 27491 | IceCv    | Learned a level 3 spell: Summon Guardian Golem
 27496 | IceCv    | Learned a level 4 spell: Summon Ice Beast
 27538 | Snake:1  | You fall through a shaft!
 27543 | Snake:2  | Upgraded the game from 0.20-a0-350-ga83eecc to 0.20-a0-351-gc9b4002
 27643 | Snake:1  | Reached skill level 1 in Ice Magic
 28029 | Snake:1  | Found Folotage's Gadget Shoppe.
 28146 | Snake:1  | Reached skill level 1 in Necromancy
 28311 | Snake:1  | Reached skill level 1 in Summonings
 28426 | Snake:1  | You fall through a shaft!
 28590 | Snake:1  | Reached skill level 10 in Invocations
 29041 | Snake:2  | Reached skill level 15 in Fighting
 29113 | Snake:2  | Noticed Soeti's ghost (adept FoFi)
 30123 | Snake:2  | Killed Soeti's ghost
 30239 | Snake:2  | Reached skill level 5 in Ice Magic
 30415 | Snake:3  | Noticed Kirke
 30845 | Snake:3  | Killed Kirke
 31163 | Snake:3  | Learned a level 6 spell: Freezing Cloud
 31787 | Snake:3  | Noticed Vashnia
 31970 | Swamp:1  | Entered Level 1 of the Swamp
 31970 | Swamp:1  | Noticed Torax's ghost (adept FoEE)
 31985 | Swamp:1  | Killed Torax's ghost
 32107 | Swamp:1  | Reached XP level 17. HP: 91/156 MP: 24/24
 32204 | Swamp:1  | Noticed Roxanne
 32247 | Swamp:1  | Noticed Louise
 32259 | Swamp:1  | Cast into level 2 of the Abyss (Louise)
 32593 | Abyss:2  | Found a corrupted altar of Lugonu.
 33269 | Abyss:2  | Noticed a Hell Sentinel
 33288 | Abyss:2  | Killed a Hell Sentinel
 33557 | Abyss:2  | Noticed a tentacled monstrosity
 33569 | Abyss:2  | Killed a tentacled monstrosity
 33771 | Abyss:2  | Reached skill level 5 in Spellcasting
 33934 | Swamp:1  | Escaped the Abyss
 34186 | Depths:1 | Entered Level 1 of the Depths
 34439 | Depths:1 | Found a gateway to a ziggurat.
 34640 | Depths:1 | Found a gateway to Hell.
 34849 | Depths:1 | Reached skill level 16 in Fighting
 34952 | Depths:1 | Identified the Tome of Transformation
 35110 | Depths:1 | Reached skill level 5 in Necromancy
 36541 | Depths:2 | Reached XP level 18. HP: 151/167 MP: 27/27
 36573 | Depths:2 | Reached skill level 10 in Ice Magic
 36779 | Depths:2 | Cast into level 2 of the Abyss (hell knight)
 37032 | Abyss:2  | HP: 5/168 [raiju/living lightning (16)]
 37498 | Abyss:2  | Noticed a lich
 37523 | Abyss:2  | Killed a lich
 37710 | Depths:2 | Escaped the Abyss
 37920 | Depths:2 | HP: 8/168 [stone giant (6)]
 38132 | Depths:2 | Reached skill level 17 in Fighting
 38141 | Depths:2 | Reached skill level 15 in Dodging
 38157 | Depths:2 | Noticed a lich
 38162 | Depths:2 | Noticed a Hell Sentinel
 38171 | Depths:2 | Killed a lich
 39033 | Depths:2 | HP: 6/255 [purple very ugly thing (16)]
 39037 | Depths:2 | Mangled by a purple very ugly thing

Vault maps used:
D:1:      lightli_arrival_quake
D:2:      regret_index_temple_of_mockery, led_sif_pool
D:3:      nicolae_overflow_hidden_temple, chequers_ecumenical_altar_twisty
D:4:      nicolae_overflow_crystal_walls, grunt_ministairs_3
D:5:      first_bread
D:6:      kennysheep_little_box, chequers_temple_overflow_statue_of_worship,
          basic_altar
D:8:      david_nohive_1, uniq_pikel
D:9:      grunt_temple_overflow_opulence, trog_eyes_of_draining
D:10:     serial_glass, glass_columns_b, glass_columns_a
D:11:     kennysheep_six_static_rooms, due_lair_maze_entry_diamond,
          zombieorc2_lemuel, uniq_maurice
D:12:     basic_altar, hangedman_decor_clover_reticule, nicolae_benzene_ring
D:14:     thingy_vault, david_vaults_2, serial_shops, shop, shop, shop,
          shop_statue, minivault_27
D:15:     hangedman_depths_entry_try_elsewhere_first, hangedman_decor_points,
          kennysheep_flooded_box
Lair:1:   lab_entry_generic, st_stairs_12, serial_bayou_ford_a,
          serial_bayou_shore_a
Lair:2:   minmay_swamp_entry_worms, serial_bayou_pond_d
Lair:3:   minmay_snake_entry_guardpost_medium, grunt_forest_large_clearings
Lair:4:   grunt_megastairs_2
Lair:5:   slime_dummy
Lair:6:   due_jungle_book, minivault_25, grunt_forest_stairs_basic,
          eino_small_chamber_without_monster, columned_hall_lemuel,
          wad_woods_antlair
Swamp:1:  hangedman_swamp_ruin_wall, infiniplex_staircase_pool_2, uniq_roxanne,
          uniq_louise
Snake:1:  serial_shops, shop, portal_ice_cave_entry_dragon, nrook_loot_triangle
Snake:2:  special_room, st_stairs_14
Snake:3:  hangedman_snake_corridor_split, uniq_vashnia, uniq_kirke
Orc:1:    uniq_urug
Orc:2:    grunt_orc_tribal_feast
Depths:1: enter_ziggurat_f, hangedman_tar_grid_catacomb,
          hangedman_research_metamorphosis
Depths:2: kennysheep_green_arena, nrook_pool_corridor, hellmouth_3,
          grunt_ministairs_9
Depths:3: minmay_isolated_rectangles_in_corner, lightli_too_deep, pan_entry,
          pandoras_box_mu, uniq_frederick
Abyss:2:  evilmike_abyss_exit_13, evilmike_abyss_exit_7
Lab:      nicolae_lab_dead_adventurers, nicolae_lab_statue
IceCv:    ice_cave_statue_garden_chambered

Skill      XL: |  1  2  3  4  5  6  7  8  9 10 11 12 13 14 15 16 17 18 |
---------------+-------------------------------------------------------+-----
Fighting       | 3 4 5 6 7 8 10 12 13 14 15 16 17 | 17.4
Staves         | 4 5 6 8 10 12 13 14 | 14.5
Dodging        | 3 5 6 8 9 11 12 13 14 15 | 15.2
Invocations    | 3 6 8 9 10 | 10.0
Stealth        | 5 8 10 11 12 | 12.0
Evocations     | 5 8 |  8.3
Spellcasting   | 1 4 6 7 |  7.5
Ice Magic      | 7 9 10 | 10.8
Necromancy     | 3 6 7 |  7.2
Summonings     | 2 |  2.0
Throwing       | |  1.7

Action                   |  1- 3 |  4- 6 |  7- 9 | 10-12 | 13-15 | 16-18 || total
-------------------------+-------+-------+-------+-------+-------+-------++-------
Melee: Quarterstaff      |    85 |   156 |    47 |       |       |       ||   288
       Tailslap          |     7 |    20 |    26 |   142 |   346 |   452 ||   993
       Lajatang          |       |       |   249 |   802 |  1467 |  1693 ||  4211
       Flail             |       |       |       |     3 |    10 |    23 ||    36
Throw: Throwing net      |       |       |       |     4 |     1 |       ||     5
 Cast: Infusion          |       |       |       |       |     1 |       ||     1
Invok: Ancestor Identity |     1 |       |       |       |       |       ||     1
       Ancestor Life: He |       |     1 |       |       |       |       ||     1
       Recall Ancestor   |       |     1 |     1 |     3 |       |     3 ||     8
       Idealise          |       |       |       |     1 |     3 |       ||     4
       Transference      |       |       |       |       |     1 |       ||     1
 Abil: Breathe Frost     |       |       |     3 |    15 |    13 |    18 ||    49
       Blink             |       |       |       |       |       |     1 ||     1
Evoke: Wand              |       |       |       |     1 |     8 |     4 ||    13
       Lamp of fire      |       |       |       |       |     1 |     1 ||     2
  Use: Scroll            |     6 |     5 |    10 |    12 |    20 |    12 ||    65
       Potion            |       |     1 |     1 |     7 |     7 |    12 ||    28
 Stab: Sleeping          |     1 |     2 |     2 |     6 |    35 |    12 ||    58
       Confused          |       |     1 |       |     5 |     8 |     3 ||    17
       Distracted        |       |       |     1 |     3 |    18 |    20 ||    42
       Held in net/web   |       |       |       |     2 |     2 |       ||     4
       Invisible         |       |       |       |     2 |       |       ||     2
       Petrified         |       |       |       |       |     1 |       ||     1
       Paralysed         |       |       |       |       |    15 |    18 ||    33
  Eat: Chunk             |     1 |     8 |     6 |     8 |    15 |       ||    38
       Royal jelly       |       |       |     1 |     8 |       |     2 ||    11
       Beef jerky        |       |       |     1 |     2 |     2 |     2 ||     7
       Pizza             |       |       |     1 |     1 |     2 |     3 ||     7
       Meat ration       |       |       |       |       |     3 |     2 ||     5
       Bread ration      |       |       |       |       |     2 |     4 ||     6
       Fruit             |       |       |       |       |     1 |     1 ||     2
Armor: Skin              |    12 |    56 |    75 |   129 |   182 |   278 ||   732
Dodge: Dodged            |    51 |    99 |   154 |   341 |   750 |  1236 ||  2631
Block: Other             |       |       |       |    53 |   230 |   126 ||   409
       Reflection        |       |       |       |     4 |    13 |     7 ||    24
       Rpst.: Lajatang   |       |       |       |    37 |   150 |       ||   187
